Map: Romanticide LE

Players

Demi

  • Race: Zerg Zerg

Seither - Winner!

  • Race: Terran Terran

Event: DreamHack SC2 Masters 2021 Winter

VOD

Have the link to the VOD?

Description

Time

  • Played on: Oct. 2, 2021, 4:42 a.m.
  • Length: 12:47

All games in this series

Show
View Real Time Build Order
Export as new Build Order

Demi Zerg 

Build Orders: Hatch First 

Get SALT Encoding   

  12  0:00  Drone  
  13  0:12  Overlord  
  13  0:17  Drone  
  14  0:31  Drone x2  
  16  0:49  Hatchery  
  15  0:52  Drone  
  15  0:54  Drone  
  17  0:58  Drone  
  18  1:09  Extractor  
  17  1:13  Spawning Pool  
  17  1:16  Drone  
  17  1:19  Drone  
  18  1:29  Drone  
  19  1:39  Drone  
  20  1:51  Drone  
  21  2:00  Queen x2  
  25  2:01  Zergling x2  
  25  2:02  Zergling x2  
  27  2:11  Overlord  
  27  2:13  Drone  
  28  2:23  Hatchery  
  28  2:25  Drone  
  28  2:36  Queen  
  30  2:41  Drone  
  30  2:42  Drone  
  30  2:43  Drone, Metabolic Boost  
  33  2:48  Overlord  
  33  2:53  Drone  
  34  3:01  Drone x2  
  35  3:10  Drone x2  
  35  3:11  Queen  
  35  3:12  Overlord  
  39  3:18  Drone x3  
  42  3:26  Drone  
  43  3:28  Overlord  
  43  3:36  Queen  
  43  3:38  Zergling x4  
  47  3:48  Queen  
  49  3:50  Drone x2, Queen  
  53  3:56  Overlord x2  
  53  3:58  Zergling x4  
  53  4:01  Overlord  
  55  4:05  Drone x2  
  57  4:11  Baneling Nest  
  57  4:15  Drone  
  57  4:16  Drone x4  
  61  4:22  Zergling x8  
  65  4:24  Drone x2  
  65  4:28  Overlord  
  65  4:30  Drone  
  65  4:31  Drone  
  69  4:35  Zergling x4  
  69  4:38  Drone x2  
  73  4:40  Extractor  
  73  4:42  Extractor  
  73  4:43  Overlord  
  73  4:45  Drone  
  72  4:52  Zergling x6  
  74  4:53  Queen  
  74  4:57  Overlord  
  74  4:58  Lair  
  76  5:02  Drone x3  
  76  5:03  Drone  
  76  5:04  Drone  
  81  5:09  Baneling x2  
  81  5:16  Overlord  
  81  5:19  Drone x5  
  86  5:28  Zergling x4, Evolution Chamber  
  85  5:29  Zergling x6  
  85  5:35  Spore Crawler  
  89  5:36  Drone x7  
  89  5:39  Evolution Chamber  
  95  5:45  Overlord  
  95  5:46  Zergling x4  
  97  5:53  Baneling x4  
  97  5:54  Baneling  
  97  5:58  Hatchery, Centrifugal Hooks  
  97  5:59  Zerg Ground Armor Level 1  
  97  6:01  Zergling x4  
  97  6:02  Zergling x2  
  99  6:10  Drone, Extractor  
  99  6:11  Drone, Zerg Melee Weapons Level 1  
  100  6:14  Overlord  
  100  6:15  Zergling x10  
  100  6:16  Zergling x2  
  106  6:22  Queen, Overlord  
  108  6:27  Zergling x10  
  108  6:31  Overlord  
  113  6:35  Baneling x5  
  113  6:38  Zergling x8  
  117  6:42  Zergling x2  
  117  6:43  Zergling x8  
  122  6:47  Baneling  
  122  6:48  Baneling x9  
  122  6:50  Zergling x2  
  123  6:55  Zergling x10  
  123  6:59  Baneling  
  123  7:00  Baneling x3  
  128  7:07  Zergling x2  
  128  7:08  Zergling x4  
  131  7:12  Overlord x2  
  131  7:18  Zergling x14, Queen  
  131  7:20  Overlord x2  
  140  7:24  Zergling x6  
  140  7:28  Zergling x4  
  145  7:30  Queen  
  145  7:33  Baneling x2  
  145  7:34  Baneling x2  
  147  7:40  Zergling x12  
  144  7:46  Zergling x6  
  144  7:50  Queen  
  145  7:53  Zergling x14  
  145  7:56  Baneling  
  145  7:57  Baneling x10  
  152  8:03  Queen  
  136  8:18  Zergling x20  
  136  8:19  Zergling x4, Queen x2  
  121  8:27  Spore Crawler x2  
  118  8:31  Zerg Melee Weapons Level 2, Zerg Ground Armor Level 2  
  117  8:39  Zergling x2  
  117  8:40  Zergling x12  
  124  8:48  Drone  
  124  8:49  Drone x3  
  124  8:50  Overlord  
  124  8:55  Zergling x12  
  134  8:57  Queen  
  136  9:04  Zergling x12  
  138  9:15  Zergling x16  
  119  9:22  Zergling x2  
  119  9:23  Zergling x2  
  102  9:26  Zergling x2  
  102  9:27  Queen  
  102  9:28  Queen  
  104  9:33  Zergling x2  
  104  9:34  Zergling x10  
  104  9:36  Baneling x10  
  109  9:44  Baneling x4  
  109  9:45  Zergling x8  
  113  9:47  Queen x2  
  113  9:52  Zergling x8  
  116  10:04  Zergling x2  
  116  10:05  Zergling x10  
  109  10:12  Zergling x2  
  109  10:13  Zergling x12  
  109  10:17  Zergling x6  
  109  10:18  Queen  
  112  10:29  Zergling x8  
  116  10:37  Drone  
  116  10:38  Drone x3  
  116  10:40  Baneling  
  116  10:41  Baneling x13, Hatchery  
  116  10:42  Queen  
  119  10:45  Zergling x2  
  119  10:49  Drone x2  
  124  10:50  Infestation Pit, Drone x2  
  124  10:51  Zergling x2  
  124  10:52  Zergling x8  
  124  10:56  Baneling  
  129  10:57  Baneling x12  
  129  11:04  Zergling x8  
  129  11:08  Queen  
  125  11:23  Zergling x20  
  125  11:24  Zergling x2  
  107  11:26  Queen  
  107  11:30  Queen x2  
  113  11:36  Baneling x6  
  113  11:37  Zergling x2  
  113  11:38  Zergling x4  
  114  11:44  Queen  
  114  11:47  Zergling x2  
  114  11:48  Zergling x14  
  114  11:52  Queen  
  124  11:55  Baneling x2  
  124  11:56  Baneling x5  
  124  11:57  Zergling x8  
  124  11:59  Drone  
  129  12:02  Queen  
  129  12:03  Zergling x2  
  129  12:04  Zergling x12  
  129  12:06  Queen  
  140  12:16  Baneling x5  
  140  12:22  Zergling x18  
  133  12:26  Zergling x12  
Show
View Real Time Build Order
Export as new Build Order

Seither Terran - Winner!

Build Orders: Command Center First (CC) 

Get SALT Encoding   

  12  0:00  SCV  
  13  0:12  SCV  
  14  0:18  Supply Depot  
  14  0:24  SCV  
  15  0:39  SCV  
  16  0:51  SCV  
  17  1:00  Command Center  
  17  1:04  SCV  
  18  1:14  Barracks  
  18  1:18  SCV  
  19  1:27  Barracks  
  19  1:30  SCV  
  20  1:41  Barracks  
  20  1:45  SCV  
  21  1:49  Refinery  
  21  2:01  Marine  
  21  2:02  Orbital Command  
  22  2:13  Orbital Command  
  22  2:15  Marine  
  23  2:20  Marine  
  24  2:29  Barracks Tech Lab, SCV  
  25  2:30  Refinery  
  25  2:33  Marine  
  26  2:38  Marine  
  26  2:40  SCV  
  28  2:48  Marine  
  28  2:50  SCV  
  28  2:51  Marine  
  31  2:53  SCV  
  31  2:56  Marine  
  33  3:01  Supply Depot  
  33  3:02  Stimpack  
  33  3:03  SCV  
  33  3:05  SCV  
  35  3:10  Marine x2  
  37  3:14  Marine  
  38  3:22  Supply Depot  
  38  3:23  SCV x2  
  38  3:26  Factory  
  40  3:30  Marine  
  40  3:31  Marine  
  40  3:32  Marine  
  43  3:35  SCV x2  
  43  3:40  Supply Depot  
  45  3:47  SCV x2, Marine  
  48  3:50  Engineering Bay  
  48  3:53  Refinery  
  48  3:55  Barracks Reactor x2  
  48  4:01  SCV x2  
  50  4:08  Supply Depot  
  50  4:10  Supply Depot  
  50  4:13  Factory Reactor  
  50  4:15  Starport, SCV x2  
  52  4:20  Marine  
  52  4:24  Terran Infantry Weapons Level 1  
  53  4:27  SCV x2  
  53  4:28  Refinery  
  55  4:32  Supply Depot  
  55  4:38  Marine x4  
  57  4:39  SCV  
  57  4:40  SCV  
  57  4:45  Combat Shield, Marine  
  62  4:53  SCV x2  
  64  5:04  Medivac x2  
  64  5:05  SCV x2, Marine x3  
  64  5:06  Marine x2  
  75  5:12  Supply Depot  
  75  5:17  SCV x2, Factory Tech Lab  
  77  5:22  Supply Depot  
  77  5:23  Marine x2  
  77  5:24  Marine x2  
  77  5:25  Marine  
  82  5:37  Supply Depot  
  82  5:40  Siege Tank  
  82  5:41  Medivac x2, Marine x2  
  91  5:47  Marine  
  91  5:48  Marine x2  
  94  5:55  Barracks x2  
  94  5:59  Marine x2  
  94  6:00  Supply Depot x2  
  96  6:05  Marine  
  96  6:10  Marine x2  
  99  6:14  Siege Tank  
  99  6:16  Marine  
  99  6:17  Marine  
  99  6:18  Liberator x2  
  110  6:20  Terran Infantry Armor Level 1  
  110  6:25  Supply Depot  
  110  6:28  Supply Depot  
  110  6:32  Marine  
  110  6:33  Marine x2  
  113  6:41  Marine x3  
  113  6:42  Marine  
  117  6:50  Marine x2  
  119  6:58  Marine  
  119  6:59  Marine x3  
  119  7:00  Siege Tank  
  119  7:01  Liberator x2  
  132  7:05  Supply Depot  
  132  7:07  Supply Depot  
  132  7:09  Marine x3  
  135  7:18  Marine x4  
  139  7:27  Marine  
  139  7:29  Supply Depot  
  140  7:31  Supply Depot  
  140  7:33  Marine x2  
  140  7:35  Marine  
  140  7:36  Marine  
  144  7:39  Siege Tank  
  145  7:47  Marine  
  145  7:48  Marine x2  
  145  7:50  Marine  
  145  7:51  Marine  
  145  7:52  Liberator  
  145  7:54  Liberator  
  151  8:01  Marine x2  
  151  8:03  Supply Depot  
  153  8:05  Marine  
  148  8:17  Marine x4  
  148  8:18  Marine  
  148  8:19  Marine  
  116  8:23  Marine  
  108  8:27  Siege Tank  
  111  8:34  Marine  
  111  8:35  Liberator  
  111  8:36  Liberator, Marine x3  
  121  8:47  Marine x2  
  121  8:48  Marine  
  124  8:52  Marine  
  124  8:54  Marine x2  
  127  8:56  Marine  
  127  9:01  Siege Tank  
  131  9:05  Marine x3  
  134  9:10  Marine  
  98  9:25  Marine x6  
  98  9:28  Marine  
  98  9:31  Liberator x2  
  111  9:43  Marine x6  
  111  9:44  Siege Tank  
  120  9:47  Marine  
  121  10:00  Marine  
  121  10:01  Marine x5  
  121  10:04  Marine  
  99  10:18  Marine x2  
  99  10:19  Liberator x2, Siege Tank, Marine x4  
  114  10:22  Marine  
  114  10:27  Orbital Command  
  115  10:36  Marine x4  
  115  10:37  Marine x2  
  115  10:40  Marine  
  115  10:42  Refinery  
  122  10:46  Refinery  
  122  10:54  Marine x4  
  126  10:58  Marine x3  
  126  11:03  Liberator, Siege Tank  
  135  11:12  Marine  
  133  11:23  Marine x6  
  120  11:30  Marine  
  120  11:35  Siege Tank  
  120  11:41  Marine x5  
  120  11:46  Liberator x2  
  131  11:50  Marine x2  
  133  11:58  Marine  
  133  11:59  Marine x4  
  138  12:15  Marine x2  
  140  12:16  Marine  
  140  12:17  Marine  
  134  12:26  Marine x3  

Tags
 
Add a new tag
Caveats
  • Supply blocks, unpowered buildings, or Contaminate may cause inaccurate times.
  • Supply counts are checked every 10 seconds.